 Dungeon Crawl Stone Soup version 0.28.0-43-g3370ac3207 (webtiles) character file.

Game seed: 4170299113185532002

79 themarg the Slasher (level 4, -2/38 HPs)
             Began as a Gnoll Wanderer on Mar 22, 2022.
             Was an Initiate of Qazlal.
             Slain by an orc
             ... wielding a +0 hand axe
              (3 damage)
             ... on level 2 of the Dungeon.
             The game lasted 00:05:05 (2024 turns).

themarg the Slasher (Gnoll Wanderer)                Turns: 2024, Time: 00:05:07

Health: -2/38      AC:  4    Str: 10    XL:     4   Next: 38%
Magic:  8/8        EV: 11    Int:  9    God:    Qazlal [......]
Gold:   67         SH:  0    Dex: 17    Spells: 9/9 levels left

rFire   . . .      SeeInvis .   a - +2 falchion
rCold   . . .      Faith    .   (no shield)
rNeg    . . .      Spirit   .   d - +0 leather armour
rPois   .          Reflect  .   (no helmet)
rElec   .          Harm     .   c - +0 cloak
rCorr   .          Rampage  .   (no gloves)
Will    .....                   (no boots)
Stlth   ++........              (no amulet)
HPRegen 0.12/turn               (no ring)
MPRegen 0.11/turn               (no ring)

@: no status effects
A: fangs 1, strong nose, distributed training
a: Renounce Religion


You were on level 2 of the Dungeon.
You worshipped Qazlal.
Qazlal was noncommittal.
You visited 1 branch of the dungeon, and saw 3 of its levels.

You collected 67 gold pieces.

Inventory:

Hand Weapons
 a - a +2 falchion (weapon)
 b - a +0 quarterstaff
 g - a +1 dagger of venom
Armour
 c - a +0 cloak (worn)
 d - a +0 leather armour (worn)
 f - +0 shadow dragon scales
Magical Staves
 k - a staff of death
 l - a staff of cold
Scrolls
 e - a scroll of teleportation {unknown}
 o - a scroll of identify {unknown}
Potions
 h - a potion of curing {unknown}
 i - a potion of cancellation {unknown}
 j - a potion of heal wounds {unknown}
 m - 2 potions of lignification {unknown}
 n - a potion of mutation {unknown}
 p - a potion of invisibility {unknown}


   Skills:
 + Level 4.6 Fighting
 + Level 1.1 Short Blades
 + Level 6.6 Long Blades
 + Level 1.1 Axes
 + Level 1.1 Maces & Flails
 + Level 1.1 Polearms
 + Level 4.6 Staves
 + Level 1.1 Slings
 + Level 1.1 Bows
 + Level 1.1 Crossbows
 + Level 1.1 Throwing
 + Level 2.7 Armour
 + Level 1.1 Dodging
 + Level 2.5 Stealth
 + Level 1.1 Shields
 + Level 1.1 Unarmed Combat
 + Level 3.0 Spellcasting
 + Level 0.9 Conjurations
 + Level 0.9 Hexes
 + Level 0.9 Summonings
 + Level 0.9 Necromancy
 + Level 0.9 Translocations
 + Level 0.9 Transmutations
 + Level 0.9 Fire Magic
 + Level 0.9 Ice Magic
 + Level 0.9 Air Magic
 + Level 0.9 Earth Magic
 + Level 0.9 Poison Magic
 + Level 1.2 Invocations
 + Level 1.1 Evocations


You had 9 spell levels left.
You didn't know any spells.
Your spell library contained the following spells:

 Spells                   Type           Power      Damage    Failure   Level
 Animate Skeleton         Necr           6%         N/A       26%         1
 Apportation              Tloc           6%         N/A       26%         1
 Sandblast                Erth           6%         2d5       26%         1
 Summon Small Mammal      Summ           12%        N/A       26%         1
 Passwall                 Tmut/Erth      2%         N/A       38%         2
 Stone Arrow              Conj/Erth      6%         3d7       63%         3


Dungeon Overview and Level Annotations

Branches:
Dungeon (3/15)

Altars:
Qazlal


Innate Abilities, Weirdness & Mutations

You have very sharp teeth.
Your uncanny sense of smell can sniff out nearby items.
Your experience applies equally to all skills.


Message History

You feel sick.
You closely miss the orc.
You feel sick. The orc hits you with a +0 hand axe.
You barely miss the orc.
You feel sick. The orc closely misses you.
You hit the orc but do no damage.
You feel sick.
You are no longer poisoned.
The orc hits you with a +0 hand axe.
You hit the orc.
The orc is heavily wounded.
The orc wizard hits you with a +0 dagger.
The orc closely misses you.
You completely miss the orc.
The orc is heavily wounded.
The orc wizard barely misses you. The orc closely misses you.
You hit the orc.
You kill the orc!
Qazlal accepts your kill. The orc wizard casts a spell at you.
You are confused.
The orc wizard hits you but does no damage.
The orc hits you with a +0 hand axe.
* * * LOW HITPOINT WARNING * * *
You climb upwards.
There is a stone staircase leading down here.
You are too confused!
You're too confused to move!
The orc wizard hits you but does no damage.
The orc hits you with a +0 hand axe.
* * * LOW HITPOINT WARNING * * *
The orc hits you with a +0 hand axe.
* * * LOW HITPOINT WARNING * * *
The orc wizard hits you with a +0 dagger.
* * * LOW HITPOINT WARNING * * *
You hit the orc.
The orc is severely wounded.
You feel less confused.
The orc wizard gestures wildly while chanting.
The orc wizard flickers and vanishes!
Deactivating autopickup; reactivate with Ctrl-A.
The orc hits you with a +0 hand axe.
You die...

###.#####..######.# #.#
#.........(.......###.#
###..####..######..##.#
#............# #..#..##
###..####..#.# #.......
#..# #.....####..#..#.
#..# #................
#..###o.............#.
#....@{....##.......#.
#.......(...........<.
########...##...#.....
####..............
#......##...#.....
#...........#.....
#######.................
#.......................
#######......#.#..#.....


You could see an orc.

Vanquished Creatures
  An orc wizard (D:2)
  An adder (D:3)
  A worm (D:2)
  An orc (D:3)
  2 bats
  7 endoplasms
  A giant cockroach (D:1)
  3 goblins
  4 hobgoblins
  3 quokkas
  4 ball pythons (D:1)
  4 frilled lizards
  3 kobolds
  3 rats
38 creatures vanquished.

Notes
Turn   | Place    | Note
-------+----------+-------------------------------------------
     0 | D:1      | themarg the Gnoll Wanderer began the quest for the Orb.
     0 | D:1      | themarg set off with the following items: a +2 falchion, a
                  | +0 quarterstaff, a +0 cloak, a +0 leather armour
     0 | D:1      | Reached XP level 1. HP: 20/20 MP: 4/4
   318 | D:1      | Reached XP level 2. HP: 26/26 MP: 5/5
   677 | D:1      | Reached XP level 3. HP: 31/31 MP: 7/7
   831 | D:2      | Found a stormy altar of Qazlal.
   838 | D:2      | Became a worshipper of Qazlal Stormbringer
  1038 | D:2      | Reached skill level 1 in Invocations
  1856 | D:2      | Reached skill level 1 in Short Blades
  1856 | D:2      | Reached skill level 1 in Axes
  1856 | D:2      | Reached skill level 1 in Maces & Flails
  1856 | D:2      | Reached skill level 1 in Polearms
  1856 | D:2      | Reached skill level 1 in Slings
  1856 | D:2      | Reached skill level 1 in Bows
  1856 | D:2      | Reached skill level 1 in Crossbows
  1856 | D:2      | Reached skill level 1 in Throwing
  1856 | D:2      | Reached skill level 1 in Dodging
  1856 | D:2      | Reached skill level 1 in Shields
  1856 | D:2      | Reached skill level 1 in Unarmed Combat
  1856 | D:2      | Reached skill level 1 in Evocations
  1856 | D:2      | Reached XP level 4. HP: 24/38 MP: 8/8
  2023 | D:2      | HP: 1/38 [orc wizard/+0 dagger (3)]
  2024 | D:2      | Slain by an orc

Illustrated notes

Levels and vault maps discovered:
D:1:      matt_arrival_los_fun, layout_rooms, minmay_tree_intersection
D:2:      layout_basic, basic_altar
D:3:      layout_loops_ring, chequers_ecumenical_altar_simple_redux

Skill      XL: |  1  2  3  4 |
---------------+-------------+-----
Invocations    | 1 |  1.2
Short Blades   | 1 |  1.1
Axes           | 1 |  1.1
Maces & Flails | 1 |  1.1
Polearms       | 1 |  1.1
Slings         | 1 |  1.1
Bows           | 1 |  1.1
Crossbows      | 1 |  1.1
Throwing       | 1 |  1.1
Dodging        | 1 |  1.1
Shields        | 1 |  1.1
Unarmed Combat | 1 |  1.1
Evocations     | 1 |  1.1
Spellcasting   | 3 |  3.0
Fighting       | |  4.6
Long Blades    | |  6.6
Staves         | |  4.6
Armour         | |  2.7
Stealth        | |  2.5
Conjurations   | |  0.9
Hexes          | |  0.9
Summonings     | |  0.9
Necromancy     | |  0.9
Translocations | |  0.9
Transmutations | |  0.9
Fire Magic     | |  0.9
Ice Magic      | |  0.9
Air Magic      | |  0.9
Earth Magic    | |  0.9
Poison Magic   | |  0.9

Action                   |  1- 3 |  4- 6 || total
-------------------------+-------+-------++-------
Melee: Falchion          |    83 |    12 ||    95
       Bite              |     6 |       ||     6
 Stab: Sleeping          |     6 |       ||     6
Armor: Leather armour    |    17 |     3 ||    20
Dodge: Dodged            |    40 |     7 ||    47
